 Dungeon Crawl Stone Soup version 0.23-a0-767-gdc19b93d68 (webtiles) character file.

688 Naru the Skirmisher (level 7, 0/64 HPs)
             Began as a Minotaur Berserker on Jan 29, 2019.
             Was a Priest of Trog.
             Slain by an ogre
             ... wielding a +0 giant club
              (17 damage)
             ... on level 5 of the Dungeon.
             The game lasted 00:12:01 (3784 turns).

Naru the Skirmisher (Minotaur Berserker)            Turns: 3784, Time: 00:12:01

Health: 0/64       AC: 11    Str: 22    XL:     7   Next: 36%
Magic:  6/6        EV:  9    Int:  4    God:    Trog [***...]
Gold:   146        SH:  0    Dex: 11    Spells: 6/6 levels left

rFire    . . .     SeeInvis .   a - +2 hand axe (chop)
rCold    . . .     Gourm    .   (no shield)
rNeg     . . .     Faith    .   i - +0 chain mail
rPois    .         Spirit   .   (helmet restricted)
rElec    .         Reflect  .   q - +1 cloak
rCorr    .         Harm     .   (no gloves)
MR       .....                  (no boots)
Stlth    ..........             (no amulet)
HPRegen  0.20/turn              (no ring)
MPRegen  0.10/turn              (no ring)

@: no status effects
A: retaliatory headbutt, horns 2
a: Berserk, Trog's Hand, Renounce Religion


You were on level 5 of the Dungeon.
You worshipped Trog.
Trog was most pleased with you.
You were not hungry.

You visited 1 branch of the dungeon, and saw 5 of its levels.

You collected 146 gold pieces.

Inventory:

Hand Weapons
 a - a +2 hand axe of chopping (weapon)
 b - a +0 hunting sling
 t - a cursed -3 trident
Missiles
 e - 121 stones (quivered)
 f - 6 tomahawks
 o - 62 bolts
 u - a throwing net
Armour
 i - a +0 chain mail (worn)
 q - a +1 cloak (worn)
 r - a +4 ring mail
Wands
 w - a wand of flame (9)
Scrolls
 h - 2 scrolls of magic mapping
 k - 2 scrolls of teleportation {unknown}
 l - a scroll of fog
 m - a scroll of remove curse
 x - a scroll of random uselessness {unknown}
Potions
 d - a potion of lignification {unknown}
 g - a potion of agility {unknown}
 j - 3 potions of might {unknown}
 n - a potion of cancellation {unknown}
 p - a potion of heal wounds {unknown}
 v - 2 potions of magic {unknown}
Comestibles
 c - 7 rations


   Skills:
 * Level 6.4 Fighting
 + Level 6.0 Axes
 * Level 4.4 Slings
 + Level 4.2 Armour
 + Level 2.8 Dodging


You had 6 spell levels left.
You didn't know any spells.
Your spell library was empty.

Dungeon Overview and Level Annotations

Branches:
Dungeon (5/15)
 Temple: D:4-7

Altars:
Fedhas


Innate Abilities, Weirdness & Mutations

You reflexively headbutt those who attack you in melee.
You have a pair of horns on your head.


Message History

Firing (i - inventory. (/) - cycle)
e - 122 stones (quivered)
Press: ? - help, Shift-Dir - straight line, f/p - ogre
Aim: an ogre, wielding a +0 giant club (moderately wounded)
You shoot a stone. The stone hits the ogre.
The ogre is heavily wounded.
The ogre hits you with a +0 giant club!!
The ogre hits you with a +0 giant club!!
* * * LOW HITPOINT WARNING * * *
There is a stone staircase leading up here.
a - a +2 hand axe of chopping (weapon)
You are too injured to fight recklessly!
You are too injured to fight recklessly!
You are too injured to fight recklessly!
You hit the ogre but do no damage. You headbutt the ogre.
The ogre is heavily wounded.
The ogre barely misses you.
You hit the ogre.
The ogre is severely wounded.
The ogre hits you with a +0 giant club!
You die...

........# .....
....(...#######.....
#########.............
#.......#(............
#.......#.............
#.......#.............
#######'#.............
.........(...#'##.....
.......@O....#..# ....
.[...........#..# ...
.............#..# ..
.............#..# .
.............#..#
.............#.##
#+######....##+#
#....#


You could see an ogre.

Vanquished Creatures
  3 ogres
  A hound (D:4)
  Crazy Yiuf (D:2)
  3 orc wizards (D:4)
  Natasha (twice) (D:1)
  A worker ant (D:4)
  4 gnolls
  2 river rats (D:4)
  5 adders
  An adder skeleton (D:4)
  5 worms
  A dart slug (D:1)
  5 leopard geckos
  10 orcs (D:4)
  3 ball pythons
  13 bats
  3 giant cockroaches
  7 goblins
  5 hobgoblins (D:2)
  7 jackals (D:4)
  3 kobolds (D:3)
  A quokka (D:3)
  5 frilled lizards
  8 rats
  2 fungi (D:2)
101 creatures vanquished.

Notes
Turn   | Place    | Note
-------+----------+-------------------------------------------
     0 | D:1      | Naru the Minotaur Berserker began the quest for the Orb.
     0 | D:1      | Reached XP level 1. HP: 19/19 MP: 0/0
   434 | D:1      | Reached XP level 2. HP: 27/27 MP: 1/1
   846 | D:2      | Reached XP level 3. HP: 23/34 MP: 2/2
   850 | D:2      | Noticed Natasha
   854 | D:2      | Reached ** piety under Trog
   886 | D:1      | Killed Natasha
   886 | D:1      | Reached skill level 5 in Fighting
   886 | D:1      | Reached XP level 4. HP: 9/42 MP: 3/3
   985 | D:1      | Noticed Natasha
   996 | D:1      | Killed Natasha
  1639 | D:2      | Found a blossoming altar of Fedhas.
  1802 | D:2      | Found a runed door.
  2155 | D:2      | Noticed Crazy Yiuf
  2158 | D:2      | Reached XP level 5. HP: 34/48 MP: 4/4
  2159 | D:2      | Killed Crazy Yiuf
  2254 | D:3      | Reached skill level 1 in Slings
  2578 | D:4      | Noticed an ogre
  2585 | D:4      | Killed an ogre
  2585 | D:4      | Reached skill level 5 in Axes
  2585 | D:4      | Reached XP level 6. HP: 57/57 MP: 5/5
  3055 | D:4      | Reached XP level 7. HP: 46/63 MP: 6/6
  3064 | D:4      | Reached *** piety under Trog
  3738 | D:5      | Entered Level 5 of the Dungeon
  3784 | D:5      | Slain by an ogre

Vault maps used:
D:1:      mainiacjoe_arrival_reflecting_pool, minivault_25, minmay_bisected
D:2:      marbit_many_paths, first_ration, small_statue_intersection,
          serial_park_tiny_pond, uniq_natasha, uniq_crazy_yiuf_cottage
D:3:      minmay_diamond_boxcup
D:4:      gup_sewer_entry_spiral
D:5:      wander_river, ebering_ghost_inner_flame

Skill      XL: |  1  2  3  4  5  6  7 |
---------------+----------------------+-----
Fighting       | 4 5 6 |  6.4
Axes           | 4 5 6 |  6.0
Armour         | 3 4 |  4.2
Slings         | 2 4 |  4.4
Dodging        | |  2.8

Action                   |  1- 3 |  4- 6 |  7- 9 || total
-------------------------+-------+-------+-------++-------
Melee: Hand axe          |    40 |   124 |    74 ||   238
       Headbutt          |     5 |    27 |     5 ||    37
 Fire: Hunting sling     |       |    24 |    12 ||    36
Invok: Trog's Hand       |     1 |     2 |       ||     3
       Berserk           |     1 |     1 |       ||     2
  Use: Scroll            |       |     5 |       ||     5
  Eat: Chunk             |       |     9 |     3 ||    12
Armor: Chain mail        |    34 |    78 |    50 ||   162
       Animal skin       |     1 |       |       ||     1
Dodge: Dodged            |    31 |    52 |    24 ||   107

Table legend:
 A = Non-vault XP
 B = Vault XP
 C = Vault XP percentage of total XP
 D = Non-vault monster count
 E = Vault monster count
 F = Vault count percentage of total count
                 A         B        C        D         E       F
            +---------+---------+-------+---------+---------+-------
      Total |     849 |     134 |  13.6 |      81 |      18 |  18.2
            +---------+---------+-------+---------+---------+-------
        D:1 |      69 |      37 |  34.9 |      13 |       2 |  13.3
        D:2 |      76 |      41 |  35.0 |      22 |       2 |   8.3
        D:3 |     177 |      17 |   8.8 |      16 |       8 |  33.3
        D:4 |     527 |      39 |   6.9 |      30 |       6 |  16.7
            +---------+---------+-------+---------+---------+-------
